 Dungeon Crawl Stone Soup version 0.30.1-11-g7821555f0a (webtiles) character file.

Game seed: 8820172253951005566

223 lonewolfV2 the Trooper (level 6, -4/51 HPs)
             Began as a Formicid Fighter on Dec 13, 2023.
             Slain by Menkaure (17 damage)
             ... on level 4 of the Dungeon.
             The game lasted 00:06:09 (2094 turns).

lonewolfV2 the Trooper (Formicid Fighter)           Turns: 2094, Time: 00:06:10

Health: -4/51      AC:  8    Str: 22    XL:     6   Next: 20%
Magic:  6/6        EV:  9    Int:  8    God:
Gold:   180        SH:  6    Dex: 19    Spells: 5/5 levels left

rFire   . . .        a - +0 war axe
rCold   . . .        c - +0 buckler
rNeg    . . .        b - +0 scale mail
rPois   .            (helmet unavailable)
rElec   .            (no cloak)
rCorr   .            e - +0 pair of gloves
SInv    +            (no boots)
Will    .....        (no amulet) Stlth
                     k - +6 ring of dexterity
HPRegen 0.28/turn    (no ring)
MPRegen 0.10/turn

%: no passive effects
@: mighty, flying
A: permanent stasis, dig shafts and tunnels, antennae 3, four strong arms
a: Dig, Shaft Self


You were on level 4 of the Dungeon.
You visited 1 branch of the dungeon, and saw 4 of its levels.

You collected 180 gold pieces.

Inventory:

Hand Weapons
 a - a +0 war axe (weapon)
Armour
 b - a +0 scale mail (worn)
 c - a +0 buckler (worn)
 e - a +0 pair of gloves (worn)
Jewellery
 k - a +6 ring of dexterity (left hand)
Scrolls
 f - a scroll of identify {unknown}
 g - 4 scrolls of enchant armour {unknown}
 h - a scroll of brand weapon {unknown}
 j - a scroll of blinking {unknown}
Potions
 d - 2 potions of might


   Skills:
 + Level 5.2 Fighting
 + Level 4.1 Axes
 - Level 3.6 Armour
 - Level 4.5 Shields


You had 5 spell levels left.
You didn't know any spells.
Your spell library was empty.

Dungeon Overview and Level Annotations

Branches:
Dungeon (4/15)
 Temple: D:4-7

Altars:

Annotations:
D:3 3 runed translucent doors, skusey55's ghost, amateur MiBe
D:4 Menkaure


Innate Abilities, Weirdness & Mutations

You cannot be hasted, slowed, berserked, paralysed or teleported.
You can dig through walls and to a lower floor.
You have a pair of large antennae on your head. (SInv)
Your four strong arms can wield two-handed weapons with a shield.


Message History

Menkaure casts a spell.
Menkaure seems to speed up.
You hit the adder.
The adder is moderately wounded.
You hit Menkaure but do no damage. Menkaure hits you!!
The adder closely misses you. Menkaure hits you. You block the adder's attack.
You closely miss Menkaure.
Menkaure is lightly damaged.
You hit the adder. You block Menkaure's attack. The adder bites you.
Menkaure hits you!
* * * LOW HITPOINT WARNING * * *
You hit Menkaure.
Menkaure is moderately damaged.
You barely miss the adder. You closely miss the phantom.
The adder barely misses you. You block Menkaure's attack.
You block the adder's attack. The phantom barely misses you.
Unknown command.
It was a potion of flight.
You feel very buoyant.
You fly up into the air.
Menkaure closely misses you. The adder bites you but does no damage.
You block the phantom's attack. You block Menkaure's attack.
It was a potion of heal wounds.
You feel much better. You block the adder's attack.
The phantom hits you but does no damage.
Menkaure calls on the powers of darkness!
Your body is wracked with pain!
The adder barely misses you.
You hit Menkaure.
Menkaure is heavily damaged.
You closely miss the adder. You hit the phantom.
Menkaure hums a few words.
Menkaure calls on the powers of darkness!
Your body is wracked with pain!
* * * LOW HITPOINT WARNING * * *
The adder bites you but does no damage. You block the phantom's attack.
You block Menkaure's attack. You block the adder's attack.
You feel very mighty all of a sudden.
The phantom hits you but does no damage.
The adder bites you but does no damage. Menkaure hits you!
You die...

#.......+........
###.#####.........#
###....####+#.....#
#.......## #....# #
#.....#..# ..>..+ ..
#.....##.#####....#.#
#.....+...........'.#
#.....###.####SW..###
#.....# #.## #@M....#
####### #..# #.##...#
##.###.## .# #.>....+
########


You could see a phantom, Menkaure (fast) and an adder.

Vanquished Creatures
  A black bear (D:3)
  A hound (D:4)
  3 adders
  7 orcs
  3 bats
  3 endoplasms
  A giant cockroach (D:3)
  4 goblins (D:1)
  13 hobgoblins
  6 kobolds
  4 quokkas
  8 ball pythons
  5 frilled lizards (D:1)
  2 rats (D:1)
61 creatures vanquished.

Notes
Turn   | Place    | Note
-------+----------+-------------------------------------------
     0 | D:1      | lonewolfV2 the Formicid Fighter began the quest for the
                  | Orb.
     0 | D:1      | Reached XP level 1. HP: 18/18 MP: 1/1
   182 | D:1      | Reached XP level 2. HP: 24/24 MP: 2/2
   426 | D:1      | Reached XP level 3. HP: 25/29 MP: 3/3
   918 | D:2      | You fall into a shaft and drop 2 floors!
   928 | D:4      | Reached XP level 4. HP: 36/37 MP: 4/4
   934 | D:4      | Reached skill level 4 in Fighting
  1006 | D:3      | Noticed a black bear
  1022 | D:3      | Killed a black bear
  1023 | D:3      | Reached skill level 5 in Fighting
  1023 | D:3      | Reached XP level 5. HP: 33/44 MP: 5/5
  1175 | D:3      | Found a faded altar of an unknown god.
  1391 | D:3      | Reached XP level 6. HP: 48/51 MP: 6/6
  1690 | D:3      | Found a runed translucent gate.
  1690 | D:3      | Found a runed translucent gate.
  1690 | D:3      | Noticed skusey55's ghost (amateur MiBe)
  1691 | D:3      | Found a runed translucent gate.
  2084 | D:4      | Noticed Menkaure
  2094 | D:4      | Slain by Menkaure

Illustrated notes

Levels and vault maps discovered:
D:1:      amcnicky_arrival_wind_blow, layout_basic, serial_corexii_hall,
          chequers_hall_statues_wall_a, corexii_hall_statues_l,
          solitary_fountain, serial_park_tiny_pond, minmay_misc_feat_room,
          dk_noncrumbling_4
D:2:      layout_basic, chequers_jeans, uniq_terence
D:3:      layout_loops_cross, gammafunk_ghost_nasty_kobolds,
          dreamdust_ecumenical_altar_statues, amethyst_killhole,
          serial_bayou_lagoon_a
D:4:      layout_basic, mainiacjoe_overflow_24_doors, uniq_menkaure

Skill      XL: |  1  2  3  4  5  6 |
---------------+-------------------+-----
Fighting       | 5 |  5.2
Axes           | 3 4 |  4.1
Armour         | |  3.6
Shields        | |  4.5

Action                     |  1- 3 |  4- 6 || total
---------------------------+-------+-------++-------
  Melee: War axe           |    98 |    87 ||   185
    Use: Scroll            |     2 |       ||     2
         Potion            |       |     3 ||     3
 Armour: Scale mail        |    61 |    63 ||   124
  Dodge: Dodged            |    56 |    57 ||   113
  Block: Buckler           |    25 |    45 ||    70
